 Dungeon Crawl Stone Soup version 0.31-a0-859-g9dce7d3444 (webtiles) character file.

Game seed: 9956180346818313026

97 BinkBink the Shooter (level 4, -2/28 HPs)
             Began as a Tengu Hunter on Oct 10, 2023.
             Slain by a water moccasin (6 damage)
             ... in a sewer.
             The game lasted 00:02:56 (1410 turns).

BinkBink the Shooter (Tengu Hunter)                 Turns: 1410, Time: 00:02:57

Health: -2/28      AC:  0    Str: 11    XL:     4   Next: 68%
Magic:  5/5        EV: 12    Int: 10    God:
Gold:   41         SH:  5    Dex: 19    Spells: 3/3 levels left

rFire   . . .        a - +0 shortbow
rCold   . . .        (shield currently unavailable)
rNeg    . . .        (no body armour)
rPois   .            (helmet restricted)
rElec   .            (no cloak)
rCorr   .            (no gloves)
SInv    .            (boots unavailable)
Will    .....        l - amulet of reflection
Stlth   ++           (no ring)
HPRegen 0.24/turn    (no ring)
MPRegen 0.09/turn

%: reflection, acrobat
@: lethally poisoned (-2 -> -5)
A: beak, talons 3, acrobatic
a: no special abilities


You were in a sewer.
You visited 1 branch of the dungeon, and saw 3 of its levels.
You also visited: Sewer.

You collected 41 gold pieces.

Inventory:

Hand Weapons
 a - a +0 shortbow (weapon)
Jewellery
 l - an amulet of reflection (around neck)
Scrolls
 b - a scroll of butterflies
 c - 4 scrolls of identify {unknown}
 g - a scroll of fear {unknown}
 h - a scroll of brand weapon {unknown}
 j - a scroll of torment {unknown}
 m - a scroll of enchant armour {unknown}
 n - a scroll of vulnerability {unknown}
 p - a scroll of poison {unknown}
Potions
 d - 2 potions of haste {unknown}
 e - 2 potions of resistance {unknown}
 f - a potion of ambrosia {unknown}
 i - a potion of heal wounds {unknown}
 k - 2 potions of curing {unknown}
 o - a potion of mutation {unknown}
 q - a potion of cancellation {unknown}


   Skills:
 + Level 3.1 Fighting
 * Level 5.9 Ranged Weapons
 - Level 2.1 Dodging
 - Level 1.0 Stealth


You had 3 spell levels left.
You didn't know any spells.
Your spell library contained the following spells:

 Spells                   Type           Power      Damage    Failure   Level
 Volatile Blastmotes      Fire/Tloc      0%         2d10      75%         3
 Fulminant Prism          Conj/Hex       0%         3d5       98%         4
 Iskenderun's Mystic Bla  Conj/Tloc      0%         2d3       98%         4


Dungeon Overview and Level Annotations

Branches:
Dungeon (3/15)              Sewer (1/1)

Altars:


Innate Abilities, Weirdness & Mutations

You have a beak for a mouth.
You have claws for feet.
You can magically evade attacks while moving or waiting.


Message History

You are poisoned.
The water moccasin poisons you!
You shoot an arrow. The arrow hits the water moccasin.
The water moccasin is heavily wounded.
You feel very sick. The water moccasin bites you.
You block the water moccasin's attack.
You are too injured to fight recklessly!
You are too injured to fight recklessly!
Fire: a) +0 shortbow
Press: ? - help, Q - select action Shift-Dir - straight line, f/p - water moccasin
Aim: a water moccasin (heavily wounded, 48% to hit)
You shoot an arrow.
The arrow closely misses the water moccasin.
You feel very sick. You block the water moccasin's attack.
Fire: a) +0 shortbow
Press: ? - help, Q - select action Shift-Dir - straight line, f/p - water moccasin
Aim: a water moccasin (heavily wounded, 48% to hit)
You shoot an arrow.
The arrow hits the water moccasin but does no damage.
The water moccasin is heavily wounded.
* * * LOW HITPOINT WARNING * * *
You feel sick. You block the water moccasin's attack.
The water moccasin barely misses you.
Fire: a) +0 shortbow
Press: ? - help, Q - select action Shift-Dir - straight line, f/p - water moccasin
Aim: a water moccasin (moderately wounded, 48% to hit)
You shoot an arrow. The arrow misses the water moccasin.
* * * LOW HITPOINT WARNING * * *
You feel sick. The water moccasin closely misses you.
Fire: a) +0 shortbow
Press: ? - help, Q - select action Shift-Dir - straight line, f/p - water moccasin
Aim: a water moccasin (moderately wounded, 48% to hit)
You shoot an arrow.
The arrow hits the water moccasin but does no damage.
The water moccasin is moderately wounded.
* * * LOW HITPOINT WARNING * * *
You feel sick. You block the water moccasin's attack.
The water moccasin bites you.
You die...

##.##
#.~.#
##..~##
#.....#
#.~.~~##
#.~.#.~.#
#.~###..##
#..~ #...#
#..# ##@~#
#.~ #S.#
#. #~.#
##.~#
#...#
#..##
#~..#
.~~.##
#..~.~#


You could see a water moccasin.

Vanquished Creatures
  3 adders (D:2)
  A worm (D:2)
  3 dart slugs
  6 endoplasms
  3 giant cockroaches
  8 goblins
  6 hobgoblins
  2 jackals (Sewer)
  4 ball pythons
  10 bats
  A frilled lizard (D:2)
  5 kobolds
  5 rats
57 creatures vanquished.

Notes
Turn   | Place    | Note
-------+----------+-------------------------------------------
     0 | D:1      | BinkBink the Tengu Hunter began the quest for the Orb.
     0 | D:1      | Reached XP level 1. HP: 12/12 MP: 2/2
    93 | D:1      | Reached XP level 2. HP: 17/17 MP: 3/3
   384 | D:1      | Reached skill level 5 in Ranged Weapons
   429 | D:1      | Reached XP level 3. HP: 22/22 MP: 4/4
   713 | D:2      | Identified the +12 mace "Muujad" {antimagic, rN+ rCorr
                  | Str+7 Dex-4}
   782 | D:2      | Reached XP level 4. HP: 27/27 MP: 5/5
  1344 | D:3      | Found a glowing drain.
  1368 | Sewer    | Entered a sewer
  1398 | Sewer    | Noticed a water moccasin
  1410 | Sewer    | Slain by a water moccasin

Illustrated notes

Levels and vault maps discovered:
D:1:      shiori_arrival_oz, layout_loops_ring
D:2:      layout_rooms, minmay_indecisive_spiral
D:3:      layout_loops_ring, kennysheep_orc_sif_temple,
          cheibrodos_sewer_entry_drain, glass_columns_a, minmay_pentomino_pile
Sewer:    sewer_the_moccasin

Skill      XL: |  1  2  3  4 |
---------------+-------------+-----
Ranged Weapons | 5 |  5.9
Fighting       | 3 |  3.1
Dodging        | |  2.1
Stealth        | |  1.0

Action                     |  1- 3 |  4- 6 || total
---------------------------+-------+-------++-------
   Fire: Shortbow          |    73 |    81 ||   154
 Armour: Skin              |    13 |    12 ||    25
  Dodge: Dodged            |    15 |    13 ||    28
  Block: Other             |     1 |    10 ||    11
         Reflection        |     1 |       ||     1

Table legend: (Time is in decaauts)
 A = Elapsed time spent in this place.
 B = Non-inter-level travel time spent in this place.
 C = Inter-level travel time spent in this place.
 D = Time resting spent in this place.
 E = Time spent auto-exploring this place.
 F = Levels seen in this place.
 G = Mean time per level.
                   A        B        C        D        E       F      G
               +--------+--------+--------+--------+--------+-----+--------+
         Total |   1438 |   1370 |     68 |     58 |    967 |   4 |  359.5 |
       Dungeon |   1392 |   1324 |     68 |     58 |    937 |   3 |  464.0 |
         Sewer |     46 |     46 |      0 |      0 |     30 |   1 |   46.0 |
               +--------+--------+--------+--------+--------+-----+--------+

Top non-repeatable levels by time:
     D:2: 711 daAuts
     D:1: 631 daAuts
     D:3: 49 daAuts
   Sewer: 46 daAuts
